 Dungeon Crawl Stone Soup version 0.25-a0-464-g3004169c2b (webtiles) character file.

Game seed: 11494113926792302799, levelgen mode: deterministic

1780 Esekla the Thaumaturge (level 8, -14/45 HPs)
             Began as a Deep Elf Wizard on Feb 4, 2020.
             Hit by a large rock thrown by a cyclops (47 damage)
             ... on level 7 of the Dungeon.
             The game lasted 01:03:44 (7961 turns).

Esekla the Thaumaturge (Deep Elf Wizard)            Turns: 7961, Time: 01:03:49

Health: -14/45     AC:  6    Str:  6    XL:     8   Next: 81%
Magic:  20/24      EV: 13    Int: 24    God:
Gold:   337        SH:  0    Dex: 13    Spells: 18/27 levels left

rFire    . . .     SeeInvis .   v - +0 rapier
rCold    . . .     Gourm    .   (no shield)
rNeg     . . .     Faith    .   a - +0 robe
rPois    .         Spirit   .   b - +0 hat
rElec    .         Reflect  .   z - +0 cloak
rCorr    .         Harm     .   f - +0 pair of gloves (curse)
MR       .....                  (no boots)
Stlth    +++.......             (no amulet)
HPRegen  0.15/turn              (no ring)
MPRegen  0.19/turn              (no ring)

@: no status effects
A: molten scales 1, blurry vision 1, robust 1, subdued magic 1
a: no special abilities


You were on level 7 of the Dungeon.
You were hungry.

You visited 1 branch of the dungeon, and saw 8 of its levels.
You also visited: Sewer and Ossuary.

You collected 337 gold pieces.

Inventory:

Hand Weapons
 v - a +0 rapier (weapon)
 I - a +0 long sword
Missiles
 m - 4 datura-tipped darts
 u - 36 poisoned darts (quivered)
 G - 7 javelins
Armour
 a - a +0 robe (worn)
 b - a +0 hat (worn)
 f - a cursed +0 pair of gloves (worn)
 s - a scarf of repulsion
 z - a +0 cloak (worn)
 H - a scarf of spirit shield
Jewellery
 w - an uncursed amulet of faith
Wands
 C - a wand of digging (6)
 D - a wand of iceblast (10)
 L - a wand of polymorph (5)
Scrolls
 c - 5 scrolls of identify
 g - 4 scrolls of fog
 l - 2 scrolls of fear
 p - 4 scrolls of blinking
 t - 6 scrolls of remove curse
 x - 2 scrolls of enchant weapon {unknown}
 y - 8 scrolls of teleportation {unknown}
 B - 2 scrolls of immolation {unknown}
 J - a scroll of enchant armour {unknown}
Potions
 e - a potion of invisibility
 h - 2 potions of magic
 i - a potion of resistance {unknown}
 j - a potion of ambrosia {unknown}
 k - 4 potions of heal wounds
 n - 4 potions of flight
 o - 4 potions of haste
 q - 3 potions of brilliance
 r - 4 potions of curing
 A - 2 potions of berserk rage {unknown}
 E - 2 potions of lignification {unknown}
 F - a potion of agility {unknown}
Comestibles
 d - 9 rations


   Skills:
 + Level 1.8(2.1) Short Blades
 + Level 1.2(1.6) Long Blades
 + Level 0.9 Throwing
 + Level 2.9 Dodging
 + Level 4.1 Stealth
 * Level 10.0 Spellcasting
 + Level 3.8 Conjurations
   Level 1.1 Summonings
 + Level 2.0 Translocations
 + Level 3.4 Fire Magic
 * Level 4.3 Air Magic
 * Level 3.9 Poison Magic


You had 18 spell levels left.
You knew the following spells:

 Your Spells              Type           Power        Failure   Level  Hunger
a - Magic Dart            Conj           ###.         1%          1    None
b - Blink                 Tloc           N/A          2%          2    None
c - Mephitic Cloud        Conj/Pois/Air  ###.....     2%          3    None
f - Conjure Flame         Conj/Fire      ###.....     2%          3    None

Your spell library contained the following spells:

 Spells                   Type           Power        Failure   Level  Hunger
 Apportation              Tloc           ###...       1%          1    None
 Summon Small Mammal      Summ           ##..         2%          1    None
 Call Imp                 Summ           ##......     3%          2    None
 Animate Skeleton         Necr           N/A          4%          1    None
 Corona                   Hex            #......      4%          1    None
 Slow                     Hex            #.......     6%          2    None


Dungeon Overview and Level Annotations

Branches:
Dungeon (8/15)             Temple (0/1) D:6           Sewer (visited)
Ossuary (visited)
   Lair: D:8-11

Altars:
Cheibriados
Makhleb

Annotations:
D:2 Sigmund


Innate Abilities, Weirdness & Mutations

You are partially covered in molten scales. (AC +2)
Scrolls take you a little longer to read.
You are robust. (+10% HP)
Your spells are a little easier to cast, but a little less powerful.


Message History

Press: ? - help, Shift-Dir - straight line, f/p - cyclops
Aim: a cyclops, quivering 2 large rocks (lightly wounded, very poisoned, confused)
You throw a poisoned dart. The poisoned dart hits the cyclops.
The cyclops looks as sick as possible!
The cyclops is lightly wounded.
You hit the cyclops but do no damage.
The cyclops is lightly wounded.
You hit the cyclops.
The cyclops is lightly wounded.
You hit the cyclops.
The cyclops is moderately wounded.
The cyclops seems less confused.
The cyclops closely misses you.
Casting: Mephitic Cloud (safe; 2% risk of failure)
Confirm with . or Enter, or press ? or * to list all spells.
You blink.
A scorpion comes into view.
The scorpion closely misses you.
The cyclops throws a large rock.
The large rock hits you!!!
Ouch! That really hurt!
You die...

..........#
#########.###
#######.....#
.....##.#.#.##
####.......(.#######
# ####.#.#..(.(...#
. ........§C(.(.# ##
########....s..#####
.......@....s..
#.###............
#.$.....####.
#.......# #########


You could see a cyclops and 2 scorpions.

Vanquished Creatures
  Pikel (D:6)
  Eustachio (D:6)
  A slave (D:6)
  A necrophage (D:5)
  2 ogres
  2 bullfrogs (D:6)
  A scorpion (D:6)
  3 crimson imps
  3 hounds
  2 iguanas
  2 bullfrog skeletons
  Natasha (thrice) (D:4)
  3 worker ants
  14 mummies (Ossuary)
  10 adders
  3 river rats (Sewer)
  3 oozes (Sewer)
  5 dart slugs
  A worm (Sewer)
  5 leopard geckos
  2 bats (D:3)
  4 giant cockroaches
  7 hobgoblins
  10 jackals
  15 kobolds
  2 quokkas
  2 ball pythons
  10 frilled lizards
  2 gnoll skeletons (Ossuary)
  7 goblins
  A goblin skeleton (Ossuary)
  2 kobold skeletons (Ossuary)
  3 orc skeletons (Ossuary)
  A quokka skeleton (D:6)
  12 rats
  6 rat skeletons (Ossuary)
152 creatures vanquished.

Vanquished Creatures (collateral kills)
  A rat (D:3)
1 creature vanquished.

Vanquished Creatures (others)
  5 rat skeletons (Ossuary)
5 creatures vanquished.

Grand Total: 158 creatures vanquished

Notes
Turn   | Place    | Note
-------+----------+-------------------------------------------
     0 | D:1      | Esekla the Deep Elf Wizard began the quest for the Orb.
     0 | D:1      | Reached XP level 1. HP: 10/10 MP: 7/7
   197 | D:1      | Reached skill level 5 in Spellcasting
   448 | D:1      | Reached XP level 2. HP: 15/15 MP: 6/10
   452 | D:1      | Learned a level 2 spell: Blink
   703 | D:2      | Found a burning altar of Makhleb.
   746 | D:2      | Noticed Sigmund
  1004 | D:1      | Reached XP level 3. HP: 19/19 MP: 8/12
  1320 | D:2      | Learned a level 3 spell: Mephitic Cloud
  1324 | D:2      | Learned a level 3 spell: Conjure Flame
  1365 | D:2      | Reached skill level 1 in Poison Magic
  1596 | D:3      | Reached skill level 6 in Spellcasting
  1596 | D:3      | Reached XP level 4. HP: 24/24 MP: 8/14
  1679 | D:3      | Found a snail-covered altar of Cheibriados.
  1696 | D:3      | Found a glowing drain.
  1736 | Sewer    | Entered a sewer
  2023 | Sewer    | Reached skill level 1 in Fire Magic
  2090 | Sewer    | Reached XP level 5. HP: 25/28 MP: 8/15
  3055 | D:4      | Reached skill level 1 in Air Magic
  3208 | D:4      | Reached XP level 6. HP: 11/32 MP: 9/17
  3227 | D:4      | Reached skill level 7 in Spellcasting
  3318 | D:4      | Noticed Natasha
  3324 | D:4      | Killed Natasha
  3353 | D:4      | Found a sand-covered staircase.
  3429 | Ossuary  | Entered an ossuary
  5649 | D:4      | Noticed Natasha
  5656 | D:4      | Killed Natasha
  5656 | D:4      | Reached XP level 7. HP: 36/36 MP: 12/20
  5758 | D:4      | Noticed Natasha
  5854 | D:4      | Killed Natasha
  5882 | D:5      | Entered Level 5 of the Dungeon
  5905 | D:5      | Reached skill level 8 in Spellcasting
  6602 | D:6      | Reached skill level 9 in Spellcasting
  6610 | D:6      | Reached XP level 8. HP: 39/41 MP: 7/23
  7290 | D:6      | Found a staircase to the Ecumenical Temple.
  7462 | D:6      | Noticed Eustachio
  7484 | D:6      | Killed Eustachio
  7484 | D:6      | Reached skill level 1 in Short Blades
  7496 | D:6      | Noticed Pikel
  7550 | D:6      | Killed Pikel
  7550 | D:6      | Reached skill level 1 in Long Blades
  7550 | D:6      | Reached skill level 10 in Spellcasting
  7787 | D:7      | Gained mutation: Your spells are a little easier to cast,
                  | but a little less powerful. [potion of mutation]
  7787 | D:7      | Gained mutation: Armour fits poorly on your strangely
                  | shaped body. [potion of mutation]
  7787 | D:7      | Gained mutation: You have sharp fingernails. [potion of
                  | mutation]
  7788 | D:7      | Lost mutation: Armour fits poorly on your strangely shaped
                  | body. [potion of mutation]
  7788 | D:7      | Lost mutation: Your spells are a little easier to cast, but
                  | a little less powerful. [potion of mutation]
  7788 | D:7      | Gained mutation: Your mind is acute. (Int +2) [potion of
                  | mutation]
  7788 | D:7      | Gained mutation: You tend to lose your temper in combat.
                  | [potion of mutation]
  7788 | D:7      | Gained mutation: Your spells are a little easier to cast,
                  | but a little less powerful. [potion of mutation]
  7788 | D:7      | Gained mutation: You are partially covered in molten
                  | scales. (AC +2) [potion of mutation]
  7789 | D:7      | Lost mutation: You tend to lose your temper in combat.
                  | [potion of mutation]
  7789 | D:7      | Lost mutation: Your mind is acute. (Int +2) [potion of
                  | mutation]
  7789 | D:7      | Lost mutation: You have sharp fingernails. [potion of
                  | mutation]
  7789 | D:7      | Gained mutation: Scrolls take you a little longer to read.
                  | [potion of mutation]
  7789 | D:7      | Gained mutation: You are robust. (+10% HP) [potion of
                  | mutation]
  7949 | D:7      | Noticed a cyclops
  7961 | D:7      | Hit by a large rock thrown by a cyclops

Levels and vault maps discovered:
D:1:      minmay_arrival_four_houses, layout_loops_cross
D:2:      layout_basic, lemuel_round_altar, minmay_domino_2,
          uniq_crazy_yiuf_cottage, uniq_sigmund
D:3:      layout_basic, first_ration, portal_sewer_entry_a,
          kennysheep_slug_shrine
D:4:      layout_basic, serial_corexii_hall, corexii_hall_statues_s,
          chequers_hall_statues_wall_a, chequers_hall_statues_corner_a,
          corexii_hall_statues_t, nicolae_ossuary_entry_monument,
          hangedman_abyss_or_decor_passed, uniq_natasha
D:5:      layout_basic
D:6:      layout_gridville, minmay_temple_entry_statues, minmay_between,
          uniq_pikel, uniq_eustachio
D:7:      layout_loops_ring, marbit_many_paths, grunt_temple_overflow_diamond,
          the_bakery, kennysheep_generic_room_11, uniq_harold
D:8:      layout_loops_corners, tgw_trog, ebering_ghost_disaster_area

Skill      XL: |  1  2  3  4  5  6  7  8 |
---------------+-------------------------+-----
Spellcasting   | 5 6 7 9 10 | 10.0
Poison Magic   | 1 2 3 |  3.9
Translocations | 2 |  2.0
Fire Magic     | 1 2 3 |  3.4
Conjurations   | 2 3 |  3.8
Air Magic      | 1 2 3 4 |  4.3
Stealth        | 4 |  4.1
Short Blades   | 1 |  1.8
Long Blades    | 1 |  1.2
Throwing       | |  0.9
Dodging        | |  2.9
Summonings     | |  1.1

Action                   |  1- 3 |  4- 6 |  7- 9 || total
-------------------------+-------+-------+-------++-------
Melee: Mace              |     7 |       |       ||     7
       Dagger            |    12 |       |       ||    12
       Rapier            |       |    45 |    51 ||    96
       Falchion          |       |       |    12 ||    12
       Long sword        |       |       |    21 ||    21
Throw: Dart              |       |     5 |    31 ||    36
 Cast: Magic Dart        |    96 |   344 |    94 ||   534
       Mephitic Cloud    |     1 |     5 |    14 ||    20
       Blink             |     1 |     2 |     2 ||     5
       Conjure Flame     |       |    16 |     2 ||    18
  Use: Scroll            |     9 |     2 |     1 ||    12
       Potion            |       |     3 |     3 ||     6
 Stab: Sleeping          |     4 |     6 |     2 ||    12
       Confused          |     1 |     1 |     6 ||     8
  Eat: Chunk             |     2 |     5 |     4 ||    11
       Ration            |       |     2 |     1 ||     3
Armor: Robe              |     5 |    23 |    18 ||    46
Dodge: Dodged            |    35 |    77 |    64 ||   176
       Rpst.: Falchion   |       |       |     3 ||     3
       Long sword        |       |       |     8 ||     8

Table legend:
 A = Non-vault XP
 B = Vault XP
 C = Vault XP percentage of total XP
 D = Non-vault monster count
 E = Vault monster count
 F = Vault count percentage of total count
                 A         B        C        D         E       F
            +---------+---------+-------+---------+---------+-------
      Total |    1245 |    1299 |  51.1 |      92 |      59 |  39.1
            +---------+---------+-------+---------+---------+-------
        D:1 |      51 |       0 |   0.0 |      29 |       0 |   0.0
        D:2 |      23 |       3 |  11.5 |       8 |       2 |  20.0
        D:3 |      76 |      21 |  21.6 |      23 |       5 |  17.9
        D:4 |     219 |      35 |  13.8 |       8 |       1 |  11.1
        D:5 |     479 |       0 |   0.0 |       9 |       0 |   0.0
        D:6 |     312 |     866 |  73.5 |      12 |       4 |  25.0
        D:7 |      39 |       0 |   0.0 |       1 |       0 |   0.0
        D:8 |      46 |       0 |   0.0 |       2 |       0 |   0.0
      Sewer |       0 |     120 | 100.0 |       0 |      20 | 100.0
    Ossuary |       0 |     254 | 100.0 |       0 |      27 | 100.0
            +---------+---------+-------+---------+---------+-------
